 Dungeon Crawl Stone Soup version 0.25.1-2-g60ff931df9 (webtiles) character file.

Game seed: 4051491909084933134

442 Doot the Digger (level 7, 0/37 HPs)
             Began as a Gargoyle Earth Elementalist on Oct 5, 2020.
             Was a Follower of the Shining One.
             Slain by an orc wizard
             ... wielding a +0 dagger
              (2 damage)
             ... on level 4 of the Dungeon.
             The game lasted 00:09:12 (2073 turns).

Doot the Digger (Gargoyle Earth Elementalist)       Turns: 2073, Time: 00:09:12

Health: 0/37       AC:  6    Str: 11    XL:     7   Next: 2%
Magic:  13/13      EV: 12    Int: 18    God:    the Shining One [*.....]
Gold:   79         SH:  0    Dex: 10    Spells: 5/14 levels left

rFire    . . .     SeeInvis .   s - +0 flail (protect)
rCold    . . .     Gourm    .   (no shield)
rNeg     + . .     Faith    .   c - +0 robe
rPois    ∞         Spirit   .   (no helmet)
rElec    +         Reflect  .   (no cloak)
rCorr    .         Harm     .   (no gloves)
MR       .....                  (no boots)
Stlth    +.........             (no amulet)
HPRegen  0.12/turn              (no ring)
MPRegen  0.13/turn              (no ring)

@: confused, glowing
A: negative energy resistance 1, electricity resistance, unbreathing,
petrification resistance, rot immunity, AC +4
a: Renounce Religion


You were on level 4 of the Dungeon.
You worshipped the Shining One.
The Shining One was aware of your devotion.
You were not hungry.

You visited 1 branch of the dungeon, and saw 4 of its levels.
You also visited: Sewer.

You collected 79 gold pieces.

Inventory:

Hand Weapons
 i - a +0 dagger
 l - a +2 vampiric short sword
 s - a +0 flail of protection (weapon)
Missiles
 b - 16 stones (quivered)
 m - 7 poisoned darts
Armour
 c - a +0 robe (worn)
Jewellery
 q - an uncursed amulet of magic regeneration {unknown}
Scrolls
 e - a scroll of identify {unknown}
 f - a scroll of teleportation {unknown}
 h - a scroll of amnesia {unknown}
 j - 3 scrolls of magic mapping {unknown}
 n - a scroll of fog {unknown}
 t - a scroll of random uselessness {unknown}
Potions
 a - 2 potions of curing {unknown}
 g - 2 potions of brilliance {unknown}
 k - 2 potions of heal wounds {unknown}
 o - 2 potions of haste {unknown}
 p - 2 potions of magic
Comestibles
 d - 3 rations
 r - 5 chunks of flesh


   Skills:
 + Level 0.5 Fighting
 + Level 0.5 Short Blades
 + Level 0.6 Maces & Flails
 + Level 2.1 Dodging
 + Level 2.7 Stealth
 + Level 4.2 Spellcasting
 + Level 0.3 Conjurations
   Level 0.7 Transmutations
 + Level 6.7 Earth Magic


You had 5 spell levels left.
You knew the following spells:

 Your Spells              Type           Power        Failure   Level  Hunger
a - Sandblast             Erth           ####..       1%          1    None
b - Stone Arrow           Conj/Erth      ###...       10%         3    ###....
c - Lee's Rapid Deconstr  Erth           ####......   26%         5    ######.

Your spell library contained the following spells:

 Spells                   Type           Power        Failure   Level  Hunger
 Passwall                 Tmut/Erth      ###.....     4%          2    ##.....
 Petrify                  Tmut/Erth      ###.....     30%         4    ####...


Dungeon Overview and Level Annotations

Branches:
Dungeon (4/15)              Sewer (visited)
 Temple: D:4-7

Altars:
Gozag
The Shining One

Annotations:
D:3 3 runed translucent doors, raetorn's ghost, amateur DrTm


Innate Abilities, Weirdness & Mutations

You are resistant to torment.
Your stone body is resilient. (AC +4)
You are immune to poison.
You resist negative energy. (rN+)
You are resistant to electric shocks. (rElec)
You can survive without breathing.
You are immune to petrification.
You are immune to rotting.


Message History

The orc wizard is almost dead.
The orc wizard gestures at you while chanting.
You are confused.
You're too confused to move!
The orc wizard hits you but does no damage.
You bump into the rock wall.
The orc wizard hits you but does no damage.
You closely miss the orc wizard.
The orc wizard is almost dead.
The orc wizard hits you with a +0 dagger.
The orc wizard hits you but does no damage.
You barely miss the orc wizard.
The orc wizard is almost dead.
The orc wizard points at you and mumbles some strange words.
The puff of flame hits you!
* * * LOW HITPOINT WARNING * * *
Unknown command.
It was a potion of magic.
Magic courses through your body.
The orc wizard hits you with a +0 dagger.
You die...

..'..........#
#.#..........#
####.#..........#
.>#.#..........#
#.#.#...)......#
#.#'#..........#
######
#....######÷####
#...o####....'....#.#
+...Ooo@'....####.#.#
#...)####....# #.#
#....# #....# #)#
.o.......# #....#
#.#### ...........
#.#### #).)..
........##..#.#
###### ........'
....' ........# .#.#
........# . #


You could see an ogre, an orc wizard (invisible) and 2 orcs.

Vanquished Creatures
  An ogre (D:4)
  2 big kobolds (Sewer)
  A hound (D:4)
  3 orc wizards (D:4)
  A hound skeleton (D:4)
  A river rat (Sewer)
  2 adders
  An ooze (Sewer)
  5 worms
  11 orcs
  A giant cockroach (D:3)
  2 goblins
  5 hobgoblins
  4 ball pythons
  2 bats
  A frilled lizard (D:1)
  8 kobolds
  4 rats
55 creatures vanquished.

Notes
Turn   | Place    | Note
-------+----------+-------------------------------------------
     0 | D:1      | Doot the Gargoyle Earth Elementalist began the quest for
                  | the Orb.
     0 | D:1      | Reached XP level 1. HP: 10/10 MP: 3/3
   171 | D:1      | Reached skill level 4 in Earth Magic
   171 | D:1      | Reached XP level 2. HP: 12/15 MP: 0/5
   266 | D:3      | Found a glowing golden altar of the Shining One.
   274 | D:3      | Became a worshipper of the Shining One
   306 | D:3      | Found a glowing drain.
   323 | Sewer    | Entered a sewer
   368 | Sewer    | Reached XP level 3. HP: 17/19 MP: 2/6
   543 | Sewer    | Learned a level 3 spell: Stone Arrow
   693 | Sewer    | Noticed a big kobold
   736 | Sewer    | Killed a big kobold
   736 | Sewer    | Reached skill level 5 in Earth Magic
   736 | Sewer    | Reached XP level 4. HP: 9/24 MP: 0/8
   736 | Sewer    | Reached XP level 5. HP: 10/28 MP: 0/9
  1232 | Sewer    | Noticed a big kobold
  1248 | Sewer    | Killed a big kobold
  1333 | Sewer    | Learned a level 5 spell: Lee's Rapid Deconstruction
  1507 | D:3      | Found a runed translucent gate.
  1508 | D:3      | Found a runed translucent gate.
  1508 | D:3      | Found an opulent altar of Gozag.
  1509 | D:3      | Found a runed translucent gate.
  1511 | D:3      | Noticed raetorn's ghost (amateur DrTm)
  1672 | D:4      | Reached XP level 6. HP: 22/32 MP: 5/11
  1687 | D:4      | Reached skill level 6 in Earth Magic
  2008 | D:4      | Reached * piety under the Shining One
  2058 | D:4      | Identified the cursed -2 buckler of the Boiling Point {MR+
                  | Int+4}
  2061 | D:4      | Reached XP level 7. HP: 27/37 MP: 0/13
  2072 | D:4      | HP: 1/37 [orc wizard/puff of flame (12)]
  2073 | D:4      | Slain by an orc wizard

Illustrated notes

Levels and vault maps discovered:
D:1:      matt_arrival_grand_opening, layout_loops_ring
D:2:      minmay_angry_zag, layout_rooms, nemelex_xobeh_ov_fountains_minmay,
          gammafunk_temple_overflow_claw, nicolae_overflow_hidden_temple,
          minmay_pentomino_x2
D:3:      layout_basic, old_standard_altar, lemuel_doored_altar,
          cheibrodos_sewer_entry_sluice, ebering_ghost_gozag, first_ration
D:4:      layout_basic, kennysheep_mini, overflow_temple_1_default,
          kennysheep_mini_moat

Skill      XL: |  1  2  3  4  5  6 |
---------------+-------------------+-----
Earth Magic    | 4 5 6 |  6.7
Spellcasting   | 3 4 |  4.2
Dodging        | 2 |  2.1
Fighting       | |  0.5
Short Blades   | |  0.5
Maces & Flails | |  0.6
Stealth        | |  2.7
Conjurations   | |  0.3
Transmutations | |  0.7

Action                   |  1- 3 |  4- 6 |  7- 9 || total
-------------------------+-------+-------+-------++-------
Melee: Unarmed           |     2 |       |       ||     2
       Dagger            |    21 |    21 |       ||    42
       Flail             |       |    17 |     9 ||    26
Throw: Dart              |     1 |       |       ||     1
 Cast: Sandblast         |    36 |    22 |       ||    58
       Stone Arrow       |     3 |    12 |       ||    15
       Lee's Rapid Decon |       |     3 |     1 ||     4
  Use: Potion            |       |       |     1 ||     1
  Eat: Chunk             |       |     7 |       ||     7
Armor: Robe              |    13 |    22 |     2 ||    37
Dodge: Dodged            |    35 |    46 |     2 ||    83
